 Dungeon Crawl Stone Soup version 0.25.1-2-g60ff931df9 (webtiles) character file.

Game seed: 2712230176889209825

188 funkygono the Vexing (level 5, -5/43 HPs)
             Began as a Gnoll Wanderer on Sept 28, 2020.
             Slain by an orc
             ... wielding a +0 flail
              (7 damage)
             ... on level 2 of the Dungeon.
             The game lasted 00:03:52 (1886 turns).

funkygono the Vexing (Gnoll Wanderer)               Turns: 1886, Time: 00:03:52

Health: -5/43      AC:  4    Str: 11    XL:     5   Next: 67%
Magic:  9/9        EV: 12    Int: 13    God:
Gold:   77         SH:  0    Dex: 18    Spells: 10/10 levels left

rFire    . . .     SeeInvis .   a - +2 hand axe
rCold    . . .     Gourm    .   (no shield)
rNeg     . . .     Faith    .   c - +0 robe
rPois    .         Spirit   .   (no helmet)
rElec    .         Reflect  .   (no cloak)
rCorr    .         Harm     .   (no gloves)
MR       .....                  (no boots)
Stlth    ++........             (no amulet)
HPRegen  0.14/turn              (no ring)
MPRegen  0.11/turn              (no ring)

@: slowed, very slow
A: distributed training, fangs 1, slimy green scales 1, blurry vision 1, dopey
1, strong nose
a: no special abilities


You were on level 2 of the Dungeon.
You were not hungry.

You visited 1 branch of the dungeon, and saw 2 of its levels.

You collected 77 gold pieces.

Inventory:

Hand Weapons
 a - a +2 hand axe (weapon)
Missiles
 e - 5 poisoned darts (quivered)
 k - 4 silver boomerangs
Armour
 c - a +0 robe (worn)
Scrolls
 b - 2 scrolls of teleportation
 g - 4 scrolls of identify
 i - 2 scrolls of remove curse {unknown}
Potions
 j - a potion of mutation
Comestibles
 d - 2 rations


   Skills:
 + Level 4.8 Fighting
 + Level 1.5 Short Blades
 + Level 1.5 Long Blades
 + Level 3.0 Axes
 + Level 1.5 Maces & Flails
 + Level 1.5 Polearms
 + Level 1.5 Staves
 + Level 1.5 Slings
 + Level 1.5 Bows
 + Level 1.5 Crossbows
 + Level 1.5 Throwing
 + Level 1.5 Armour
 + Level 1.5 Dodging
 + Level 2.8 Stealth
 + Level 3.0 Shields
 + Level 1.5 Unarmed Combat
 + Level 3.2 Spellcasting
 + Level 1.2 Conjurations
 + Level 5.5 Hexes
 + Level 1.2 Charms
 + Level 1.2 Summonings
 + Level 1.2 Necromancy
 + Level 1.2 Translocations
 + Level 1.2 Transmutations
 + Level 1.2 Fire Magic
 + Level 1.2 Ice Magic
 + Level 1.2 Air Magic
 + Level 1.2 Earth Magic
 + Level 2.4 Poison Magic
 + Level 1.7 Invocations
 + Level 1.5 Evocations


You had 10 spell levels left.
You didn't know any spells.
Your spell library was empty.

Dungeon Overview and Level Annotations

Branches:
Dungeon (2/15)

Altars:
Wu Jian
The Shining One


Innate Abilities, Weirdness & Mutations

Your experience applies equally to all skills.
You have very sharp teeth.
Your uncanny sense of smell can sniff out nearby items.
You are partially covered in slimy green scales. (AC +2)
Scrolls take you a little longer to read.
You are dopey. (Int -2)


Message History

The orc wizard closely misses you.
The orc wizard points at you and mumbles some strange words.
You resist with some effort.
The orc wizard hits you but does no damage.
You hit the orc wizard.
You kill the orc wizard!
Your Axes skill increases to level 3!
Your Shields skill increases to level 3!
You closely miss the orc wizard. The orc wizard barely misses you.
The orc wizard hits you but does no damage.
You hit the orc wizard.
You bite the orc wizard, but do no damage.
The orc wizard is almost dead.
The orc wizard hits you but does no damage. x2
The orc wizard hits you with a +0 dagger.
* * * LOW HITPOINT WARNING * * *
You hit the orc wizard.
You kill the orc wizard!
The orc hits you with a +0 flail!
You die...

## ##.## # #. .###..##
.. .(##..## #.# ..##..#
..## ..##.# >.. #?##.##
#.###.##..######
#..##o###......#
#[.#@########.##
##..).# #..##
###..########..#####
##........##...)<.
##.......#...####
#.........#.####
########.).....###..##.
<......................
########.##########...#


You could see an orc.

Vanquished Creatures
  3 orc wizards (D:2)
  4 adders (D:2)
  2 worms (D:2)
  3 leopard geckos
  2 goblins
  6 hobgoblins
  16 jackals
  3 kobolds
  2 quokkas (D:2)
  5 bats
  6 frilled lizards
  8 rats
60 creatures vanquished.

Notes
Turn   | Place    | Note
-------+----------+-------------------------------------------
     0 | D:1      | funkygono the Gnoll Wanderer began the quest for the Orb.
     0 | D:1      | funkygono set off with the following items: a +2 hand axe,
                  | a scroll of teleportation, a +0 robe, a ration
     0 | D:1      | Reached XP level 1. HP: 20/20 MP: 4/4
   119 | D:1      | Reached XP level 2. HP: 26/26 MP: 5/5
   373 | D:1      | Found a glowing golden altar of the Shining One.
   522 | D:1      | Reached XP level 3. HP: 31/31 MP: 7/7
   831 | D:2      | Reached skill level 1 in Invocations
   886 | D:2      | Reached skill level 1 in Short Blades
   886 | D:2      | Reached skill level 1 in Long Blades
   886 | D:2      | Reached skill level 1 in Maces & Flails
   886 | D:2      | Reached skill level 1 in Polearms
   886 | D:2      | Reached skill level 1 in Staves
   886 | D:2      | Reached skill level 1 in Slings
   886 | D:2      | Reached skill level 1 in Bows
   886 | D:2      | Reached skill level 1 in Crossbows
   886 | D:2      | Reached skill level 1 in Throwing
   886 | D:2      | Reached skill level 1 in Armour
   886 | D:2      | Reached skill level 1 in Dodging
   886 | D:2      | Reached skill level 1 in Unarmed Combat
   886 | D:2      | Reached skill level 1 in Evocations
   946 | D:2      | Reached XP level 4. HP: 21/38 MP: 8/8
  1514 | D:2      | Reached skill level 1 in Conjurations
  1514 | D:2      | Reached skill level 1 in Charms
  1514 | D:2      | Reached skill level 1 in Summonings
  1514 | D:2      | Reached skill level 1 in Necromancy
  1514 | D:2      | Reached skill level 1 in Translocations
  1514 | D:2      | Reached skill level 1 in Transmutations
  1514 | D:2      | Reached skill level 1 in Fire Magic
  1514 | D:2      | Reached skill level 1 in Ice Magic
  1514 | D:2      | Reached skill level 1 in Air Magic
  1514 | D:2      | Reached skill level 1 in Earth Magic
  1666 | D:2      | Found an ornate altar of the Wu Jian Council.
  1870 | D:2      | Reached XP level 5. HP: 10/43 MP: 9/9
  1871 | D:2      | HP: 1/43 [orc wizard/+0 dagger (3)]
  1883 | D:2      | Gained mutation: You are dopey. (Int -2) [potion of
                  | mutation]
  1883 | D:2      | Gained mutation: Scrolls take you a little longer to read.
                  | [potion of mutation]
  1883 | D:2      | Gained mutation: You are partially covered in slimy green
                  | scales. (AC +2) [potion of mutation]
  1885 | D:2      | HP: 2/43 [orc wizard/+0 dagger (5)]
  1886 | D:2      | Slain by an orc

Illustrated notes

Levels and vault maps discovered:
D:1:      roderic_crossed_star, layout_rooms, st_stairs_13, tso_metal_star
D:2:      layout_rooms, old_standard_altar

Skill      XL: |  1  2  3  4  5 |
---------------+----------------+-----
Poison Magic   | 2 |  2.4
Invocations    | 1 |  1.7
Short Blades   | 1 |  1.5
Long Blades    | 1 |  1.5
Maces & Flails | 1 |  1.5
Polearms       | 1 |  1.5
Staves         | 1 |  1.5
Slings         | 1 |  1.5
Bows           | 1 |  1.5
Crossbows      | 1 |  1.5
Throwing       | 1 |  1.5
Armour         | 1 |  1.5
Dodging        | 1 |  1.5
Unarmed Combat | 1 |  1.5
Evocations     | 1 |  1.5
Spellcasting   | 3 |  3.2
Conjurations   | 1 |  1.2
Charms         | 1 |  1.2
Summonings     | 1 |  1.2
Necromancy     | 1 |  1.2
Translocations | 1 |  1.2
Transmutations | 1 |  1.2
Fire Magic     | 1 |  1.2
Ice Magic      | 1 |  1.2
Air Magic      | 1 |  1.2
Earth Magic    | 1 |  1.2
Axes           | 3 |  3.0
Shields        | 3 |  3.0
Fighting       | |  4.8
Stealth        | |  2.8
Hexes          | |  5.5

Action                   |  1- 3 |  4- 6 || total
-------------------------+-------+-------++-------
Melee: Hand axe          |    51 |    80 ||   131
       Bite              |     6 |    10 ||    16
Throw: Dart              |    59 |    22 ||    81
       Boomerang         |     9 |    10 ||    19
  Use: Scroll            |     3 |       ||     3
       Potion            |       |     3 ||     3
  Eat: Chunk             |       |     3 ||     3
Armor: Robe              |    19 |    10 ||    29
Dodge: Dodged            |    32 |    56 ||    88
